 Dungeon Crawl Stone Soup version 0.21.1-1-g345015f (webtiles) character file.

12 tomtl the Grasshopper (level 2, 0/24 HPs)
             Began as a Ghoul Warper on Mar 13, 2018.
             Slain by a goblin (1 damage)
             ... on level 1 of the Dungeon.
             The game lasted 00:05:29 (245 turns).

tomtl the Grasshopper (Ghoul Warper)                 Turns: 245, Time: 00:05:30

Health: 0/24       AC:  3    Str: 14    XL:     2   Next: 33%
Magic:  4/4        EV: 11    Int:  8    God:
Gold:   0          SH:  0    Dex:  8    Spells: 5/5 levels left

rFire    . . .     SeeInvis .     - Unarmed
rCold    + . .     Gourm    .   (no shield)
rNeg     + + +     Faith    .   a - +0 leather armour
rPois    ∞         Spirit   .   (no helmet)
rElec    .         Reflect  .   (no cloak)
rCorr    .         Harm     .   (no gloves)
MR       .....                  (no boots)
Stlth    +.........             (no amulet)
HPRegen  0.00/turn              (no ring)
MPRegen  0.09/turn              (no ring)

@: rotting
A: rotting body, claws 1, carnivore, cold resistance 1, negative energy
resistance 3, inhibited regeneration, torment resistance, unbreathing
a: no special abilities


You were on level 1 of the Dungeon.
You were not hungry.

You visited 1 branch of the dungeon, and saw 1 of its levels.

Inventory:

Missiles
 d - 5 tomahawks of dispersal (quivered)
Armour
 a - a +0 leather armour (worn)
Scrolls
 c - a scroll of blinking
 e - 3 scrolls of enchant armour {unknown}
 g - a scroll of identify {unknown}
Books
 b - a book of Spatial Translocations

   Spells                             Type                      Level
   a - Blink                          Translocation                2
   b - Shroud of Golubria             Charms/Translocation         2
   c - Lesser Beckoning               Translocation                3
   d - Gell's Gravitas                Translocation                3
   e - Teleport Other                 Translocation                3
   f - Passage of Golubria            Translocation                4
Comestibles
 f - a ration


   Skills:
 + Level 2.2 Fighting
 + Level 1.0 Throwing
 + Level 0.9 Armour
 + Level 2.0 Dodging
 + Level 2.5 Unarmed Combat
 + Level 2.0 Spellcasting
   Level 2.6 Translocations


You had 5 spell levels left.
You didn't know any spells.

Dungeon Overview and Level Annotations

Branches:
Dungeon (1/15)

Altars:


Innate Abilities, Weirdness & Mutations

Your body is rotting away.
You thrive on raw meat.
You are immune to poison.
You have sharp fingernails.
You are carnivorous and can eat meat at any time.
Your flesh is cold resistant. (rC+)
You are immune to negative energy. (rN+++)
You do not regenerate when monsters are visible.
You are immune to unholy pain and torment.
You can survive without breathing.


Message History

You scratch the goblin.
The goblin is heavily wounded.
The goblin barely misses you. x2
You barely miss the goblin.
The goblin is heavily wounded.
The goblin hits you but does no damage. The goblin hits you with a dagger.
* * * LOW HITPOINT WARNING * * *
You scratch the goblin.
The goblin is severely wounded.
The goblin closely misses you. The goblin hits you with a dagger.
* * * LOW HITPOINT WARNING * * *
You scratch the goblin.
You kill the goblin!
The goblin hits you.
* * * LOW HITPOINT WARNING * * *
The goblin hits you but does no damage.
Things that are here:
a dagger; a goblin corpse; a rat corpse You barely miss the goblin.
The goblin hits you.
You die...

≈≈#..#§§§#........###.#
#.# §≈#.<#§≈§#........#
#.###.#
≈≈####≈≈≈##.......#
#.....#
≈8≈≈≈≈8≈≈##.......#
#######
8≈≈≈≈≈≈8≈######...#######
≈≈≈≈≈≈≈≈≈# #.........#
##.§§.§....####.........#
#......................#
.............#.@....!..#
......#.g>#...... .....
#.#.#...... ..g..
#...)...... ....
..........) ....
..##.#### ## ... #.# ....
#.#


You could see a goblin.

Vanquished Creatures
  A dart slug (D:1)
  A leopard gecko (D:1)
  2 goblins (D:1)
  2 jackals (D:1)
  A bat (D:1)
  A frilled lizard (D:1)
  A rat (D:1)
9 creatures vanquished.

Notes
Turn   | Place    | Note
-------+----------+-------------------------------------------
     0 | D:1      | tomtl the Ghoul Warper began the quest for the Orb.
     0 | D:1      | Reached XP level 1. HP: 17/17 MP: 2/2
    81 | D:1      | Reached XP level 2. HP: 20/24 MP: 4/4
   219 | D:1      | Reached skill level 1 in Throwing
   243 | D:1      | HP: 1/24 [goblin (2)]
   245 | D:1      | Slain by a goblin

Skill      XL: |  1  2 |
---------------+-------+-----
Spellcasting   | 2 |  2.0
Dodging        | 2 |  2.0
Throwing       | 1 |  1.0
Fighting       | |  2.2
Armour         | |  0.9
Unarmed Combat | |  2.5
Translocations | |  2.6

Action                   || total
-------------------------++-------
Melee: Unarmed           ||    39
Armor: Leather armour    ||    17
Dodge: Dodged            ||    34
